 Dungeon Crawl Stone Soup version 0.28.0-62-gf88900778d (webtiles) character file.

Game seed: 9874935654907337774

128258 Froggeryz the Severer (level 16, -20/150 HPs)
             Began as a Palentonga Berserker on Sept 30, 2023.
             Was a High Priest of Trog.
             Hit by a large rock thrown by a cyclops (38 damage)
             ... on level 4 of the Shoals on Oct 6, 2023.
             The game lasted 00:59:25 (30862 turns).

Froggeryz the Severer (Palentonga Berserker)       Turns: 30862, Time: 00:59:26

Health: -20/150    AC: 22    Str: 30    XL:     16   Next: 48%
Magic:  16/16      EV:  9    Int: 12    God:    Trog [*****.]
Gold:   761        SH:  6    Dex: 12    Spells: 15/15 levels left

rFire   + + .      SeeInvis +   k - +2 broad axe (vorpal)
rCold   . . .      Faith    .   S - +0 buckler
rNeg    + . .      Spirit   .   Z - +1 chain mail of Intercession {rPois rF+ Int+4 SInv}
rPois   +          Reflect  .   y - +0 helmet
rElec   .          Harm     .   u - +0 cloak
rCorr   .          Rampage  .   V - +0 pair of gloves {Str+3}
Will    ++...                   (no barding)
Stlth   ..........              M - amulet of regeneration
HPRegen 1.15/turn               t - ring of willpower
MPRegen 0.15/turn               X - ring "Taovelee" {rF+ rN+ Str+3 Int-2}

@: about to teleport, mesmerised, curled up, very slow
A: large, rugged brown scales 3, see invisible, deformed body, roll 1, armoured
tail, reflexive curl
a: Rolling Charge, Renounce Religion, Berserk, Trog's Hand, Brothers in Arms


You were on level 4 of the Shoals.
You worshipped Trog.
Trog was extremely pleased with you.
You visited 5 branches of the dungeon, and saw 28 of its levels.
You also visited: Sewer.

You collected 4386 gold pieces.
You spent 3625 gold pieces at shops.

Inventory:

Hand Weapons
 k - a +2 vorpal broad axe (weapon)
 n - a +5 antimagic executioner's axe
 r - the +2 war axe of Cyseg {holy, rN+ Int+5}
   (You found it on level 3 of the Lair of Beasts)

   It has been blessed by the Shining One to cause great damage to the undead
   and demons.
   Int:       It affects your intelligence (+5).
   rN:        It protects you from negative energy.
 H - a +0 broad axe of draining
 I - a +1 battleaxe of flaming
Missiles
 c - 61 poisoned darts (quivered)
 m - 36 boomerangs
 q - 3 silver javelins
 v - 4 throwing nets
 E - 3 curare-tipped darts
 G - 9 javelins
 W - a boomerang of dispersal
Armour
 u - a +0 cloak (worn)
 y - a +0 helmet (worn)
 D - a +2 plate armour of fire resistance
 S - a +0 buckler (worn)
 V - a +0 pair of gloves of strength (worn)
 Z - the +1 chain mail of Intercession (worn) {rPois rF+ Int+4 SInv}
   (You bought it in a shop on level 2 of the Shoals)

   Int:       It affects your intelligence (+4).
   rF:        It protects you from fire.
   rPois:     It protects you from poison.
   SInv:      It lets you see invisible.
Jewellery
 d - a ring of resist corrosion
 s - a ring of poison resistance
 t - a ring of willpower (left hand)
 L - a ring of protection from cold
 M - an amulet of regeneration (around neck)
 X - the ring "Taovelee" (right hand) {rF+ rN+ Str+3 Int-2}
   (You bought it in a shop on level 2 of the Shoals)

   [ring of protection from fire]

   Str:       It affects your strength (+3).
   Int:       It affects your intelligence (-2).
   rF:        It protects you from fire.
   rN:        It protects you from negative energy.
 Y - a ring of protection from fire
Wands
 f - a wand of flame (13)
 j - a wand of mindburst (26)
 x - a wand of charming (1)
 J - a wand of digging (6)
 N - a wand of polymorph (7)
 R - a wand of paralysis (2)
Scrolls
 b - 5 scrolls of fog
 e - 5 scrolls of teleportation
 g - 6 scrolls of enchant weapon
 i - 5 scrolls of immolation
 l - a scroll of blinking
 A - 5 scrolls of magic mapping
 B - 4 scrolls of enchant armour
 C - 2 scrolls of fear
 T - 3 scrolls of holy word
Potions
 a - 5 potions of resistance
 h - 3 potions of haste {unknown}
 o - 4 potions of flight
 p - a potion of might
 w - 15 potions of curing
 z - a potion of invisibility
 F - 2 potions of cancellation
Miscellaneous
 K - a lightning rod (4/4)
 O - a condenser vane
 P - a tin of tremorstones (2/2)
 Q - a phial of floods (inert)


   Skills:
 + Level 17.4 Fighting
 - Level 18.4 Axes
 - Level 9.6 Armour
 - Level 8.1 Dodging
 * Level 7.8 Shields


You had 15 spell levels left.
You didn't know any spells.
Your spell library contained the following spells:

 Spells                   Type           Power      Damage    Failure   Level
 Sting                    Tmut/Pois      0%         1d3       83%         1
 Poisonous Vapours        Pois/Air       0%         N/A       93%         2
 Olgreb's Toxic Radiance  Pois           0%         N/A       100%        4
 Summon Lightning Spire   Summ/Air       0%         N/A       100%        4
 Storm Form               Tmut/Air       0%         N/A       100%        7
 Maxwell's Capacitive Co  Air            0%         ∞         100%        8


Dungeon Overview and Level Annotations

Branches:
Dungeon (15/15)            Temple (0/1) D:7            Lair (6/6) D:11
 Shoals (4/4) Lair:3       Spider (1/4) Lair:2        Slime (0/5) Lair:6
    Orc (2/2) D:9             Elf (0/3) Orc:2        Vaults (0/5) D:13
  Sewer (visited)
 Depths: D:15

Altars:
Ashenzari
Dithmenos
Elyvilon
Fedhas
Kikubaaqudgha
Makhleb
Qazlal
Trog
Xom
Yredelemnul
Zin
The Shining One
Beogh
Jiyva

Shops:
D:13 *   Orc:1 *   Orc:2 =!=*   Shoals:2 *[=*

Annotations:
D:5 2 transporters
Lair:6 1 runed translucent door, Froggeryz's ghost, journeyman OpBe
Spider:1 3 runed translucent doors, SnailSD's ghost, journeyman MiBe


Innate Abilities, Weirdness & Mutations

You are completely covered in rugged brown scales. (AC +3, +7% HP)
You have supernaturally acute eyesight. (SInv)
Armour fits poorly on your strangely shaped body.
You can roll at nearby foes to attack.
You have a long armoured tail.
You curl defensively after being hit. (AC +7*)


Message History

You hit the water nymph but do no damage.
The water nymph is moderately wounded.
You hit the plant but do no damage. You slash the merfolk avatar!
The water nymph touches you.
* * * LOW HITPOINT WARNING * * *
The water nymph drowns you!
* * * LOW HITPOINT WARNING * * *
Splash!
You fall into the shallow water.
Moving in this stuff is going to be slow.
The merfolk avatar chants its luring song.
You feel better.
The merfolk hits you from afar with a +2 trident of distortion!
* * * LOW HITPOINT WARNING * * *
You blink.
A merfolk javelineer, a sea snake and a dream sheep come into view.
The merfolk javelineer is wielding a +0 spear and quivering silver javelins.
Found a battleaxe and a scroll of vulnerability.
A merfolk impaler comes into view.
It is wielding a +2 trident of freezing.
The merfolk avatar chants its luring song.
As you read the scroll of teleportation, it crumbles to dust.
You feel strangely unstable.
The merfolk javelineer shouts!
The sea snake hisses angrily.
The merfolk impaler shouts!
The dream sheep bleats!
You hear a shout!
A merfolk aquamancer comes into view. It is wielding a +0 rapier.
The merfolk javelineer throws a silver javelin.
The silver javelin pierces through you!
* * * LOW HITPOINT WARNING * * *
x2 A cyclops comes into view.
The merfolk avatar chants its luring song.
You feel better.
The pull of its song draws you forwards.
You enter the shallow water.
Moving in this stuff is going to be slow.
Found 12 stones.
The merfolk javelineer throws a silver javelin.
The silver javelin pierces through you but does no damage.
* * * LOW HITPOINT WARNING * * *
The cyclops throws a large rock.
The large rock hits you!!!
You die...

≈......P§§§§§P##P≈≈≈≈≈
≈.......§§§§§P##.≈.≈≈≈.(
≈..≈..PP.§§§§P#..≈≈≈≈≈C≈≈
≈..≈.≈...§§§§PmPP..≈≈≈.≈≈
≈..##≈#.≈#.≈≈≈≈≈≈..≈≈≈Y≈≈
≈≈≈ ######...m≈≈≈≈..≈≈≈≈≈
≈# ##≈..≈m≈≈≈..≈≈≈≈
##.P≈≈≈≈..≈≈≈≈≈
##....@≈≈.≈≈≈≈.
#≈......≈≈..≈..
##.............
#..........S..
#.............
.............≈≈
....m.........)≈
....m..m......≈≈
.............?.≈≈


You could see a merfolk avatar (mesmerising), a merfolk impaler, a merfolk
javelineer, a sea snake, a merfolk aquamancer, a merfolk, a cyclops, a water
nymph and a dream sheep.

Vanquished Creatures
  Frances (Shoals:2)
  Louise (Shoals:3)
  The ghost of Nairgh Vytrir the Cruncher, a journeyman FoMo of Ignis (Lair:2)
  Josephine (D:13)
  4 merfolk impalers
  4 merfolk javelineers (Shoals:2)
  A vault guard (D:13)
  7 hydras
  A merfolk avatar (Shoals:4)
  2 ogre magi (Orc:2)
  An alligator snapping turtle (Shoals:2)
  4 catoblepae
  3 merfolk aquamancers
  10 two-headed ogres
  5 centaur warriors
  13 death yaks
  A tengu warrior (D:13)
  The ghost of Ijustatesigmund the Digger, a novice OpEE of Cheibriados (D:8)
  10 sea snakes
  A pharaoh ant (Spider:1)
  A sun moth (Spider:1)
  2 deep trolls (Orc:1)
  2 lindwurms (Lair:6)
  2 steelbarb worms (Spider:1)
  Pikel (D:8)
  13 harpies
  3 orc sorcerers
  A deep elf pyromancer (D:13)
  3 fauns (Shoals:2)
  2 wolf spiders (Spider:1)
  9 manticores
  An ugly thing (D:12)
  8 cyclopes
  A moth of wrath (D:8)
  A guardian serpent (D:11)
  6 merfolk sirens
  13 elephants
  7 black mambas
  5 water nymphs
  A gargoyle (D:10)
  18 cane toads
  10 komodo dragons
  A kobold demonologist (D:12)
  3 rime drakes
  24 merfolk
  3 polar bears
  A meliai (shapeshifter) (D:15)
  12 trolls
  4 wind drakes
  Prince Ribbit (D:9)
  A tarantella (Spider:1)
  3 snapping turtles (Shoals:1)
  4 slime creatures (D:12)
  11 blink frogs
  9 dream sheep
  A culicivora (Spider:1)
  3 jumping spiders (Spider:1)
  8 water elementals
  2 shadows
  7 wraiths
  8 wyverns
  A vampire (D:12)
  2 basilisks
  42 yaks
  A hog (D:13)
  Grum (D:9)
  A golden eye (shapeshifter) (D:14)
  11 vampire mosquitoes
  6 redbacks
  2 wargs (Orc:2)
  4 acid dragons
  22 water moccasins
  26 orc warriors
  2 hornet zombies
  An ice beast (shapeshifter) (D:14)
  2 sky beasts
  4 black bears
  A necrophage (D:5)
  26 ogres
  21 wolves
  4 boggarts (D:14)
  16 centaurs
  2 lemures (D:8)
  A phantom (D:4)
  9 kobold brigands
  12 bullfrogs
  2 scorpions
  A wyvern zombie (D:5)
  2 gnoll sergeants
  8 killer bees
  8 wights
  8 howler monkeys
  2 electric eels (Lair:3)
  3 hounds
  2 centaur zombies
  19 orc priests
  3 jellies
  6 iguanas
  12 orc wizards
  A killer bee zombie (D:6)
  2 howler monkey zombies
  2 howler monkey skeletons
  5 adders
  8 gnolls
  3 river rats
  An ufetubus (D:5)
  4 worms
  7 dart slugs
  88 orcs
  6 bats
  4 endoplasms
  6 giant cockroaches
  9 hobgoblins
  6 quokkas
  7 ball pythons
  5 frilled lizards
  5 goblins
  27 kobolds
  14 rats
794 creatures vanquished.

Vanquished Creatures (collateral kills)
  Kirke (D:13)
  A wyvern (shapeshifter) (D:13)
  A hog (D:13)
3 creatures vanquished.

Vanquished Creatures (others)
  A boulder beetle (D:14)
  A yaktaur (D:15)
  2 humans (D:13)
  A bush (D:15)
  12 fungi
  62 plants
  4 tentacles (Shoals:1)
83 creatures vanquished.

Grand Total: 880 creatures vanquished

Notes
Turn   | Place    | Note
-------+----------+-------------------------------------------
     0 | D:1      | Froggeryz the Palentonga Berserker began the quest for the
                  | Orb.
     0 | D:1      | Reached XP level 1. HP: 19/19 MP: 1/1
   319 | D:1      | Reached XP level 2. HP: 16/25 MP: 2/2
   506 | D:1      | Found a faded altar of an unknown god.
   534 | D:1      | Reached XP level 3. HP: 21/31 MP: 3/3
   847 | D:2      | Reached skill level 4 in Axes
   932 | D:2      | Reached ** piety under Trog
  1440 | D:2      | Reached XP level 4. HP: 21/39 MP: 4/4
  2408 | D:3      | Identified the +1 ring mail "Apnopaump" {Will+ Regen+
                  | Dex+7}
  2498 | D:3      | Noticed a sky beast
  2502 | D:3      | Killed a sky beast
  2503 | D:3      | Reached skill level 5 in Axes
  2503 | D:3      | Reached XP level 5. HP: 44/44 MP: 5/5
  2865 | D:4      | Identified the +10 hunting sling of Ragnarok {freeze, Drain
                  | rC+ rCorr}
  3254 | D:4      | Reached XP level 6. HP: 47/52 MP: 6/6
  3395 | D:4      | Reached skill level 6 in Axes
  3826 | D:5      | Entered Level 5 of the Dungeon
  3840 | D:4      | Reached skill level 5 in Fighting
  3858 | D:4      | Gained mutation: You curl defensively after being hit. (AC
                  | +7*) [Palentonga growth]
  3858 | D:4      | Reached XP level 7. HP: 39/59 MP: 7/7
  3889 | D:5      | Identified the +3 chain mail "Geismovaclu" {rN+}
  3895 | D:5      | Reached skill level 7 in Axes
  3923 | D:5      | Reached *** piety under Trog
  4121 | D:5      | Found a transporter.
  4310 | D:5      | Found a transporter.
  4327 | D:5      | Found a glowing silver altar of Zin.
  4328 | D:5      | Found a blossoming altar of Fedhas.
  4329 | D:5      | Found a basalt altar of Yredelemnul.
  4731 | D:6      | Reached skill level 8 in Axes
  4731 | D:6      | Reached XP level 8. HP: 65/68 MP: 8/8
  4971 | D:6      | Reached skill level 9 in Axes
  5073 | D:6      | Found a glowing drain.
  5082 | Sewer    | Entered a sewer
  5178 | Sewer    | Found a glowing silver altar of Zin.
  6021 | D:7      | Reached skill level 10 in Axes
  6078 | D:7      | Reached XP level 9. HP: 77/77 MP: 9/9
  6129 | D:7      | Reached **** piety under Trog
  6356 | D:7      | Found a staircase to the Ecumenical Temple.
  6914 | D:8      | Noticed Ijustatesigmund's ghost (novice OpEE)
  6915 | D:8      | Found a bloodstained altar of Trog.
  6928 | D:8      | Noticed Pikel
  6942 | D:8      | Killed Pikel
  6943 | D:8      | Reached skill level 11 in Axes
  6959 | D:8      | Noticed a moth of wrath
  6979 | D:8      | Found a transporter.
  6984 | D:8      | Found a transporter.
  7153 | D:8      | Reached skill level 12 in Axes
  7348 | D:8      | Reached XP level 10. HP: 57/87 MP: 10/10
  7684 | D:9      | Noticed Prince Ribbit
  7908 | D:9      | Killed Prince Ribbit
  7942 | D:9      | Found a staircase to the Orcish Mines.
  8439 | D:9      | Noticed Grum
  8442 | D:9      | Reached skill level 13 in Axes
  8452 | D:9      | Killed Grum
  8559 | D:10     | Entered Level 10 of the Dungeon
  8712 | D:10     | Reached ***** piety under Trog
  8767 | D:10     | Noticed a two-headed ogre
  8772 | D:10     | Killed a two-headed ogre
  8901 | D:10     | Noticed a gargoyle
  8907 | D:10     | Killed a gargoyle
  8908 | D:10     | Reached skill level 10 in Fighting
  8909 | D:10     | Reached XP level 11. HP: 96/96 MP: 11/11
  9222 | D:10     | Found a broken altar of Ashenzari.
  9230 | D:10     | Found a shadowy altar of Dithmenos.
  9235 | D:10     | Found a stormy altar of Qazlal.
  9246 | D:10     | Found a burning altar of Makhleb.
  9254 | D:10     | Found a glowing golden altar of the Shining One.
  9259 | D:10     | Found a white marble altar of Elyvilon.
  9267 | D:10     | Found an ancient bone altar of Kikubaaqudgha.
  9584 | D:11     | Noticed a two-headed ogre
  9596 | D:11     | Killed a two-headed ogre
  9656 | D:11     | Reached skill level 14 in Axes
  9759 | D:11     | Found a staircase to the Lair.
 10913 | D:12     | Received a gift from Trog
 11038 | D:12     | Reached skill level 15 in Axes
 11172 | D:12     | Noticed a six-headed hydra
 11199 | D:12     | Found a white marble altar of Elyvilon.
 11199 | D:12     | Noticed a red ugly thing
 11210 | D:12     | Killed a red ugly thing
 11302 | D:12     | Killed a six-headed hydra
 11404 | D:12     | Reached XP level 12. HP: 100/107 MP: 12/12
 11847 | D:13     | Noticed Josephine
 11853 | D:13     | Killed Josephine
 11871 | D:13     | Reached skill level 16 in Axes
 12062 | D:13     | Found Gitwiul's Demolitions Depot.
 12097 | D:13     | Noticed Kirke
 12111 | D:13     | Killed Kirke
 12182 | D:13     | Noticed an eight-headed hydra
 12487 | D:13     | Received a gift from Trog
 12532 | D:13     | Noticed a centaur warrior
 12535 | D:13     | Noticed a vault guard
 12549 | D:13     | Killed a centaur warrior
 12558 | D:13     | Killed a vault guard
 12633 | D:13     | Found a gate to the Vaults.
 12868 | D:13     | Noticed a tengu warrior
 12877 | D:13     | Killed a tengu warrior
 12878 | D:13     | Reached skill level 17 in Axes
 13117 | D:13     | Noticed a five-headed hydra
 13126 | D:13     | Killed a five-headed hydra
 13253 | D:14     | Noticed a centaur warrior
 13261 | D:14     | Killed a centaur warrior
 13406 | D:14     | Noticed a centaur warrior
 13417 | D:14     | Killed a centaur warrior
 13638 | D:14     | Noticed a boulder beetle
 13644 | D:14     | Noticed a centaur warrior
 13647 | D:14     | Noticed a centaur warrior
 13732 | D:14     | Identified a scroll of acquirement
 13733 | D:14     | Acquired 954 gold pieces
 13805 | D:14     | Reached XP level 13. HP: 86/116 MP: 13/13
 13832 | D:14     | Found a shadowy altar of Dithmenos.
 14081 | D:15     | Entered Level 15 of the Dungeon
 14440 | D:15     | Noticed an ettin
 14440 | D:15     | Noticed a sphinx
 14446 | D:15     | Noticed a frost giant
 14649 | Lair:1   | Entered Level 1 of the Lair of Beasts
 16180 | D:8      | Killed Ijustatesigmund's ghost
 16536 | Lair:2   | Reached skill level 5 in Armour
 17135 | Lair:2   | Reached skill level 18 in Axes
 17207 | Lair:2   | Found a hole to the Spider Nest.
 17991 | Lair:3   | Found a runed translucent gate.
 17991 | Lair:3   | Found a runed translucent gate.
 17991 | Lair:3   | Found a runed translucent gate.
 17992 | Lair:3   | Noticed Nairgh Vytrir's ghost (journeyman FoMo)
 18460 | Lair:3   | You fall into a shaft and drop 2 floors!
 18690 | Lair:3   | Found a staircase to the Shoals.
 18775 | Lair:3   | Reached XP level 14. HP: 106/128 MP: 14/14
 19220 | Lair:3   | Identified the +2 war axe of Cyseg {holy, rN+ Int+5}
 19439 | Lair:2   | Killed Nairgh Vytrir's ghost
 20477 | Lair:5   | Received a gift from Trog
 21210 | Lair:6   | Entered Level 6 of the Lair of Beasts
 21225 | Lair:5   | Reached skill level 5 in Dodging
 21368 | Lair:6   | Found a viscous altar of Jiyva.
 21368 | Lair:6   | Found a staircase to the Slime Pits.
 21561 | Lair:6   | Found a runed translucent door.
 21561 | Lair:6   | Found a shimmering altar of Xom.
 21561 | Lair:6   | Noticed Froggeryz's ghost (journeyman OpBe)
 21660 | Lair:5   | Reached skill level 15 in Fighting
 22867 | Lair:6   | Reached XP level 15. HP: 117/138 MP: 15/15
 22982 | Lair:6   | Identified the +2 great sword "Ynipsegi" {freeze, Drain
                  | rC+++ rN+ Int+7}
 23369 | Orc:1    | Entered Level 1 of the Orcish Mines
 23369 | Orc:1    | Found a burning altar of Makhleb.
 23396 | Orc:1    | Found Nanlefe's General Store.
 23410 | Orc:1    | Bought a scroll of acquirement for 936 gold pieces
 23410 | Orc:1    | Bought a potion of heal wounds for 90 gold pieces
 23410 | Orc:1    | Bought a +0 pair of gloves of strength for 207 gold pieces
 23416 | Orc:1    | Acquired 705 gold pieces
 23596 | Orc:1    | Received a gift from Trog
 23718 | Orc:2    | Entered Level 2 of the Orcish Mines
 23760 | Orc:2    | Found Osilusom's Jewellery Shoppe.
 23770 | Orc:2    | Found Kuenyiqo's Jewellery Emporium.
 23792 | Orc:2    | Found Tonwo's Assorted Antiques.
 23808 | Orc:2    | Found Citutid's Distillery.
 24417 | Orc:2    | Reached ****** piety under Trog
 24472 | Orc:2    | Found a staircase to the Elven Halls.
 24672 | Orc:2    | Received a gift from Trog
 25513 | Spider:1 | Entered Level 1 of the Spider Nest
 25514 | Spider:1 | Found a runed translucent gate.
 25514 | Spider:1 | Found a runed translucent gate.
 25514 | Spider:1 | Found a runed translucent gate.
 25515 | Spider:1 | Noticed SnailSD's ghost (journeyman MiBe)
 25781 | Orc:2    | Bought a ring of poison resistance for 260 gold pieces
 25789 | Orc:2    | Bought a ring of protection from cold for 300 gold pieces
 25789 | Orc:2    | Bought an amulet of regeneration for 360 gold pieces
 26453 | Shoals:1 | Entered Level 1 of the Shoals
 26461 | Shoals:1 | Reached skill level 1 in Shields
 26473 | Lair:3   | HP: 6/141 [sea snake (15)]
 27378 | Shoals:1 | Noticed a kraken
 27419 | Shoals:2 | Found Femerph's Jewellery Emporium.
 27450 | Shoals:2 | Bought the ring "Taovelee" {rF+ rN+ Str+3 Int-2} for 574
                  | gold pieces
 27450 | Shoals:2 | Bought a ring of protection from fire for 375 gold pieces
 27781 | Shoals:2 | Received a gift from Trog
 27782 | Shoals:2 | Reached skill level 5 in Shields
 27782 | Shoals:2 | Reached XP level 16. HP: 149/149 MP: 16/16
 28073 | Shoals:2 | Found Gefoutso's Assorted Antiques.
 28077 | Shoals:2 | Found Wyxze's Armour Emporium.
 28103 | Shoals:2 | Bought the +1 chain mail of Intercession {rPois rF+ Int+4
                  | SInv} for 523 gold pieces
 28239 | Shoals:2 | Noticed Frances
 28356 | Shoals:2 | Killed Frances
 28709 | Shoals:2 | Found Ibutoaf's General Store.
 29862 | Shoals:3 | HP: 7/150 [merfolk/+0 halberd (14)]
 29863 | Shoals:3 | HP: 3/150 [merfolk/+0 halberd (1)]
 30493 | Shoals:4 | Entered Level 4 of the Shoals
 30493 | Shoals:4 | Noticed Louise
 30538 | Shoals:3 | Killed Louise
 30862 | Shoals:4 | Hit by a large rock thrown by a cyclops

Illustrated notes

Levels and vault maps discovered:
D:1:      minmay_arrival_solitary_statue, layout_rooms,
          ebering_ecumenical_altar_mist, roderic_roman_lattice,
          due_unseen_surprise
D:2:      layout_basic, hangedman_decor_lopped, skrybe_limestone_x
D:3:      layout_loops_ring
D:4:      layout_gridville
D:5:      layout_cave_pods, chequers_temple_overflow_statue_of_worship,
          gammafunk_ghost_mausoleum, minmay_misc_feat_iff
D:6:      layout_basic, gup_sewer_entry_bubbles
D:7:      layout_basic, temple_doors_e
D:8:      layout_rooms, gammafunk_ghost_wrathful_warriors, uniq_pikel
D:9:      layout_basic, david_orc_2, uniq_prince_ribbit1, uniq_grum
D:10:     layout_irregular_city, grunt_temple_overflow_octagram
D:11:     layout_basic, lair_entry_dummy, nrook_guardian_serpent_double
D:12:     layout_loops_ring, elyvilon_altar_5
D:13:     layout_long_grid, david_vaults_5, special_room [special_room_orc],
          nicolae_blasting_shop, uniq_josephine, uniq_kirke
D:14:     layout_roguey, grunt_dithmenos_smoke, serial_rivers,
          chequers_serial_rivers_small_a, chequers_serial_rivers_large_b,
          chequers_serial_rivers_micro_a, chequers_serial_rivers_micro_c
D:15:     hangedman_depths_entry_civil_slaughter, layout_basic,
          minmay_hedge_maze, enter_trove_5, minmay_checkered_concentric_circles
Lair:1:   layout_loops_ring, lemuel_fruit_tree
Lair:2:   nzn_winding_woodlands_cross [nzn_winding_woodlands_5x15_sidewinder,
          nzn_winding_woodlands_5x15_pathside_ponds,
          nzn_winding_woodlands_5x15_pool, nzn_winding_woodlands_5x15_crooked,
          nzn_winding_woodlands_15x15_boxy_spiral], layout_small_grid,
          spider_nest_entry_webs
Lair:3:   layout_regular_city, elwin_shoals_entry_rooms,
          gammafunk_ghost_hydra_chop, cheibrodos_lair_reptile_den
Lair:4:   layout_regular_city, serial_bayou_pond_e, grunt_megastairs_4
Lair:5:   layout_cave_pods
Lair:6:   evilmike_catoblepas_cave, layout_regular_city, slime_altar_1,
          ebering_ghost_xom, serial_bayou_pond_e, hibernation_bobbens,
          grunt_megastairs_2
Shoals:1: layout_shoals
Shoals:2: cheibrodos_shoals_epimethial_gifts, layout_shoals, serial_shops,
          nicolae_shop_trees, shop_fountains, nicolae_shop_crystal, shop,
          nicolae_shoals_c_island, uniq_frances
Shoals:3: layout_shoals, nicolae_shoals_loop_pool
Shoals:4: shoals_end_grunt_ice, layout_shoals, nicolae_shoals_seven_spires,
          uniq_louise
Spider:1: nicolae_spider_hilbert_zone_3 [nicolae_spider_hilbert_4_sides_2_open,
          nicolae_spider_hilbert_3_sides_1_open,
          nicolae_spider_hilbert_3_sides_1_open,
          nicolae_spider_hilbert_3_sides_1_open,
          nicolae_spider_hilbert_3_sides_1_open,
          nicolae_spider_hilbert_4_sides_1_open,
          nicolae_spider_hilbert_4_sides_1_open,
          nicolae_spider_hilbert_4_sides_1_open,
          nicolae_spider_hilbert_4_sides_1_open,
          nicolae_spider_hilbert_4_sides_1_open,
          nicolae_spider_hilbert_4_sides_1_open,
          nicolae_spider_hilbert_4_sides_1_open,
          nicolae_spider_hilbert_4_sides_1_open,
          nicolae_spider_hilbert_3_sides_1_open,
          nicolae_spider_hilbert_3_sides_1_open,
          nicolae_spider_hilbert_3_sides_1_open,
          nicolae_spider_hilbert_3_sides_1_open], ebering_ghost_rock_garden
Orc:1:    layout_diamond_mine, serial_shops, nicolae_shop_trees, bloody_makhleb
Orc:2:    st_orc_open, layout_caves, minmay_orc_temple_b

Skill      XL: |  1  2  3  4  5  6  7  8  9 10 11 12 13 14 15 16 |
---------------+-------------------------------------------------+-----
Axes           | 4 5 6 8 10 12 13 15 17 18 | 18.4
Fighting       | 4 5 6 7 8 10 11 12 14 15 16 17 | 17.4
Armour         | 2 3 6 8 9 |  9.6
Dodging        | 3 4 6 8 |  8.1
Shields        | 5 7 |  7.8

Action                   |  1- 3 |  4- 6 |  7- 9 | 10-12 | 13-15 | 16-18 || total
-------------------------+-------+-------+-------+-------+-------+-------++-------
Melee: Hand axe          |   112 |    34 |       |       |       |       ||   146
       Tailslap          |    13 |    15 |    26 |    91 |   244 |    54 ||   443
       Punch             |     1 |     2 |     2 |     6 |    26 |       ||    37
       War axe           |       |    83 |   205 |   493 |   964 |       ||  1745
       Broad axe         |       |       |       |       |   178 |   298 ||   476
Throw: Dart              |       |       |       |    24 |       |     8 ||    32
       Boomerang         |       |       |       |       |     3 |     1 ||     4
Invok: Berserk           |       |     2 |     4 |    14 |    15 |     4 ||    39
       Trog's Hand       |       |       |     1 |     2 |     4 |     3 ||    10
 Abil: Rolling Charge    |       |       |       |     1 |       |       ||     1
Evoke: Wand              |       |       |       |    13 |    31 |     6 ||    50
       Lightning rod     |       |       |       |     3 |     4 |       ||     7
       Tin of tremorston |       |       |       |       |     3 |       ||     3
       Phial of floods   |       |       |       |       |       |     1 ||     1
  Use: Scroll            |       |       |     8 |     7 |    18 |     6 ||    39
       Potion            |       |       |       |     3 |     2 |     6 ||    11
 Stab: Distracted        |       |       |       |     1 |       |       ||     1
       Sleeping          |       |       |       |       |     2 |       ||     2
       Petrified         |       |       |       |       |     4 |       ||     4
       Petrifying        |       |       |       |       |     1 |       ||     1
Armor: Leather armour    |    37 |    17 |       |       |       |       ||    54
       Ring mail         |       |    34 |    69 |   228 |   397 |     7 ||   735
       Chain mail        |       |       |       |       |       |    75 ||    75
Dodge: Dodged            |    51 |    75 |    89 |   274 |   670 |   101 ||  1260
Block: Buckler           |       |       |       |       |    33 |    57 ||    90
